 Dungeon Crawl Stone Soup version 0.29-a0-770-g2e8140cf71 (webtiles) character file.

Game seed: 13597591288450700212

169 Morbidden the Shooter (level 5, -3/49 HPs)
             Began as a Troll Hunter on July 1, 2022.
             Slain by an ogre
             ... wielding a +0 giant club
              (11 damage)
             ... on level 3 of the Dungeon.
             The game lasted 00:02:55 (2047 turns).

Morbidden the Shooter (Troll Hunter)                Turns: 2047, Time: 00:02:55

Health: -3/49      AC:  4    Str: 19    XL:     5   Next: 25%
Magic:  4/4        EV: 10    Int:  5    God:
Gold:   166        SH:  0    Dex: 15    Spells: 4/4 levels left

rFire   . . .      SeeInvis .     - Unarmed
rCold   + . .      Faith    .   (no shield)
rNeg    . . .      Spirit   .   c - +0 robe
rPois   +          Reflect  .   (helmet restricted)
rElec   .          Harm     .   (no cloak)
rCorr   .          Rampage  .   (gloves unavailable)
Will    .....                   (boots unavailable)
Stlth   +.........              (no amulet)
HPRegen 0.96/turn               l - ring of poison resistance
MPRegen 0.09/turn               u - ring of protection from cold

@: no status effects
A: large, unfitting armour, claws 3, regeneration 1, shaggy fur 1, tough skin 1
a: no special abilities


You were on level 3 of the Dungeon.
You visited 1 branch of the dungeon, and saw 3 of its levels.

You collected 166 gold pieces.

Inventory:

Hand Weapons
 a - a +0 shortbow
Missiles
 g - 6 javelins
 i - 2 boomerangs
Armour
 c - a +0 robe (worn)
Jewellery
 l - a ring of poison resistance (left claw)
 q - a ring of positive energy
 u - a ring of protection from cold (right claw)
Wands
 o - a wand of polymorph (6)
Scrolls
 b - a scroll of immolation
 f - a scroll of fog {unknown}
 h - 5 scrolls of identify {unknown}
 j - a scroll of enchant armour {unknown}
 k - a scroll of torment {unknown}
 m - a scroll of blinking {unknown}
 p - a scroll of fear {unknown}
 t - a scroll of enchant weapon {unknown}
Potions
 d - a potion of brilliance {unknown}
 e - a potion of curing {unknown}
 n - a potion of degeneration {unknown}
 r - a potion of attraction {unknown}
 s - a potion of haste {unknown}


   Skills:
 * Level 2.0 Fighting
 * Level 4.1 Ranged Weapons
 + Level 1.7 Dodging
 + Level 0.3 Stealth
 * Level 1.5 Unarmed Combat


You had 4 spell levels left.
You didn't know any spells.
Your spell library was empty.

Dungeon Overview and Level Annotations

Branches:
Dungeon (3/15)

Altars:

Annotations:
D:2 1 runed translucent door, Crazy Yiuf
D:3 Sigmund


Innate Abilities, Weirdness & Mutations

You are too large for most types of armour.
You have claws for hands.
Your natural rate of healing is unusually fast.
You are covered in fur. (AC +1)
You have tough skin. (AC +1)


Message History

You open the door.
An ogre and an orc come into view.
The ogre shouts!
The orc shouts!
Found a robe, a scroll labelled YNYOBO GIEMO and 10 gold pieces.
You shoot an arrow. The arrow barely misses the orc.
The arrow barely misses the ogre.
You shoot an arrow. The arrow closely misses the orc.
The arrow hits the ogre!
The ogre is moderately wounded.
The orc hits you with a +0 mace.
Unknown command.
There are monsters nearby!
Unknown command.
There are monsters nearby!
You shoot an arrow. The arrow hits the orc!
You kill the orc!
Unknown command.
You shoot an arrow. The arrow hits the ogre.
The ogre is heavily wounded.
The ogre hits you with a +0 giant club!!
An ogre is nearby!
You are too injured to fight recklessly!
Unknown command.
You are too injured to fight recklessly!
Unknown command.
You are too injured to fight recklessly!
Unknown command.
You are now empty-clawed.
The ogre hits you with a +0 giant club!
* * * LOW HITPOINT WARNING * * *
Unknown command.
You scratch the ogre.
The ogre is severely wounded.
Unknown command.
You barely miss the ogre.
The ogre is severely wounded.
The ogre barely misses you.
Unknown command.
You scratch the ogre.
The ogre is almost dead.
The ogre hits you with a +0 giant club!
You die...

###....#.#.....≈..#####
##........###...........
##.#####..........#...###
##.## ##......#..).#....
#..# #.####...#....# #..#
###..##..#...## #..#
##....#.####.# # #..##
+#')..(#..#...# #
#.#)#####@##.)##..#.#.####
#.##)...#O###†#..)..#.<...
#.###..##[##....##.######.
#......#?..#.##.##.# #.
#####..##$##).#.##.# #.
#...###.....##.######.
#.#.....###.##........
#.#######.........>##.
#.........########|##.


You could see an ogre.

Vanquished Creatures
  Jessica (D:2)
  An orc wizard (D:3)
  3 gnolls
  An adder (D:3)
  2 worms (D:2)
  3 dart slugs
  4 orcs (D:3)
  4 bats
  6 endoplasms
  4 giant cockroaches
  5 goblins
  6 hobgoblins
  3 quokkas
  6 ball pythons
  4 frilled lizards
  7 kobolds
  4 rats
64 creatures vanquished.

Notes
Turn   | Place    | Note
-------+----------+-------------------------------------------
     0 | D:1      | Morbidden the Troll Hunter began the quest for the Orb.
     0 | D:1      | Reached XP level 1. HP: 19/19 MP: 0/0
   119 | D:1      | Reached skill level 3 in Ranged Weapons
   119 | D:1      | Reached XP level 2. HP: 25/27 MP: 1/1
   285 | D:1      | Noticed a shining eye
   288 | D:1      | Found a faded altar of an unknown god.
   304 | D:1      | Noticed a shining eye
   304 | D:1      | Noticed an eye of devastation
   304 | D:1      | Noticed a floating eye
   595 | D:2      | Reached XP level 3. HP: 33/33 MP: 2/2
   705 | D:2      | Noticed Jessica
   831 | D:2      | Killed Jessica
   832 | D:2      | Reached skill level 1 in Unarmed Combat
   832 | D:2      | Reached XP level 4. HP: 24/41 MP: 3/3
  1433 | D:2      | Found a runed translucent door.
  1434 | D:2      | Noticed Crazy Yiuf
  1497 | D:3      | Noticed Sigmund
  1695 | D:3      | Reached skill level 4 in Ranged Weapons
  1835 | D:3      | Reached XP level 5. HP: 32/49 MP: 4/4
  2039 | D:3      | Noticed an ogre
  2047 | D:3      | Slain by an ogre

Illustrated notes

Levels and vault maps discovered:
D:1:      dpeg_arrival_long_road, layout_basic,
          hellmonk_ecumenical_altar_watching_god
D:2:      minmay_alternating_diamond, layout_rooms, grunt_ministairs_13,
          uniq_jessica, uniq_crazy_yiuf_cottage
D:3:      layout_loops_ring, serial_rivers, chequers_serial_rivers_marsh,
          chequers_serial_rivers_marsh, chequers_serial_rivers_room_b,
          chequers_serial_rivers_micro_a, chequers_serial_rivers_micro_d,
          minmay_joined_circles, uniq_sigmund

Skill      XL: |  1  2  3  4 |
---------------+-------------+-----
Ranged Weapons | 3 4 |  4.1
Unarmed Combat | 1 |  1.5
Fighting       | 2 |  2.0
Dodging        | |  1.7
Stealth        | |  0.3

Action                   |  1- 3 |  4- 6 || total
-------------------------+-------+-------++-------
Melee: Unarmed           |    22 |    52 ||    74
       Punch             |       |     1 ||     1
 Fire: Shortbow          |    86 |    71 ||   157
Armor: Robe              |    15 |    41 ||    56
Dodge: Dodged            |    65 |    70 ||   135

Table legend: (Time is in decaauts)
 A = Elapsed time spent in this place.
 B = Non-inter-level travel time spent in this place.
 C = Inter-level travel time spent in this place.
 D = Time resting spent in this place.
 E = Time spent auto-exploring this place.
 F = Levels seen in this place.
 G = Mean time per level.
                   A        B        C        D        E       F      G
               +--------+--------+--------+--------+--------+-----+--------+
         Total |   2074 |   1944 |    130 |    276 |   1130 |   3 |  691.3 |
       Dungeon |   2074 |   1944 |    130 |    276 |   1130 |   3 |  691.3 |
               +--------+--------+--------+--------+--------+-----+--------+

Top non-repeatable levels by time:
     D:3: 784 daAuts
     D:2: 675 daAuts
     D:1: 614 daAuts
